 Dungeon Crawl Stone Soup version 0.24.0-10-g970556be89 (webtiles) character file.

Game seed: 5379800168802940831, levelgen mode: deterministic

51 Aviak the Firebug (level 3, -5/24 HPs)
             Began as a Demonspawn Fire Elementalist on Nov 3, 2019.
             Slain by a goblin
             ... wielding a +0 dagger
             ... led by Robin
              (7 damage)
             ... on level 2 of the Dungeon.
             The game lasted 00:02:18 (1468 turns).

Aviak the Firebug (Demonspawn Fire Elementalist)    Turns: 1468, Time: 00:02:19

Health: -5/24      AC:  2    Str:  8    XL:     3   Next: 57%
Magic:  0/6        EV: 12    Int: 17    God:
Gold:   110        SH:  0    Dex: 13    Spells: 0/6 levels left

rFire    + . .     SeeInvis .   b - +0 spear
rCold    + . .     Gourm    .   (no shield)
rNeg     . . .     Faith    .   a - +0 robe
rPois    +         Spirit   +   (no helmet)
rElec    +         Reflect  .   (no cloak)
rCorr    +         Harm     .   (no gloves)
MR       .....                  (no boots)
Stlth    ++........             (no amulet)
HPRegen  0.08/turn              (no ring)
MPRegen  0.10/turn              (no ring)

@: resistant, starving
A: powered by pain 1, magic shield
a: no special abilities


You were on level 2 of the Dungeon.
You were starving.

You visited 1 branch of the dungeon, and saw 2 of its levels.

You collected 110 gold pieces.

Inventory:

Hand Weapons
 b - a +0 spear (weapon)
Armour
 a - a +0 robe (worn)
 d - a +0 ring mail of poison resistance
Scrolls
 e - 3 scrolls of magic mapping {unknown}
 f - a scroll of enchant weapon {unknown}
 g - 2 scrolls of remove curse {unknown}
Comestibles
 c - 2 rations


   Skills:
 + Level 2.3 Dodging
 - Level 1.7 Stealth
 + Level 2.4 Spellcasting
 + Level 1.9 Conjurations
 + Level 3.1 Fire Magic


You couldn't memorise any spells.
You knew the following spells:

 Your Spells              Type           Power        Failure   Level  Hunger
a - Flame Tongue          Conj/Fire      ##...        7%          1    #......
b - Throw Flame           Conj/Fire      ##....       10%         2    ##.....
d - Conjure Flame         Conj/Fire      ##......     21%         3    ###....

Your spell library contained the following spells:

 Spells                   Type           Power        Failure   Level  Hunger
 Inner Flame              Hex/Fire       #.......     28%         3    ###....
 Sticky Flame             Conj/Fire      ##......     54%         4    #####..
 Fireball                 Conj/Fire      ##........   88%         5    ######.


Dungeon Overview and Level Annotations

Branches:
Dungeon (2/15)

Altars:

Annotations:
D:2 Robin


Innate Abilities, Weirdness & Mutations

You sometimes gain a little power by taking damage.
When hurt, damage is shared between your health and your magic reserves.


Message History

Okay, then.
The goblin no longer looks unusually strong.
The goblin hits you with a +0 dagger.
* * * LOW HITPOINT WARNING * * *
Unknown command.
Unknown command.
Unknown command.
It was a potion of resistance.
You feel protected. The goblin hits you but does no damage.
Casting: Flame Tongue (safe; 7% risk of failure)
Confirm with . or Enter, or press ? or * to list all spells.
Aiming: Flame Tongue (safe; 7% risk of failure)
Press: ? - help, Shift-Dir - straight line, f - goblin
Aim: a goblin, wielding a +0 dagger (moderately wounded, unusually strong)
The flame tongue misses the goblin.
The flame tongue hits the goblin.
The goblin is moderately wounded.
You are starving!
The goblin hits you with a +0 dagger!
You die...

#..g..##.....## ..#
#8.8##.......# #..
##g##........# ...
#..g.........##.#
#..)g.g.#.##....#
#....gg.#.##..#######
#.....g.g..#........#
####.###g..##.#####.###
.....gg@gg.............
#...(.####.....########
#.....# #.##..###
#.....# #.##....## # .#
#.....# # #..#..######
.# .. ##.......... .# #
####<.##### .# ##.). .#
###.. .


You could see 6 goblins.

Vanquished Creatures
  An adder (D:2)
  An ooze (D:1)
  A leopard gecko (D:1)
  A giant cockroach (D:1)
  5 goblins
  5 hobgoblins
  3 jackals (D:1)
  5 kobolds
  A ball python (D:1)
  6 bats (D:1)
  3 frilled lizards (D:1)
  5 rats
37 creatures vanquished.

Notes
Turn   | Place    | Note
-------+----------+-------------------------------------------
     0 | D:1      | Aviak the Demonspawn Fire Elementalist began the quest for
                  | the Orb.
     0 | D:1      | Reached XP level 1. HP: 13/13 MP: 3/3
    31 | D:1      | Gained mutation: When hurt, damage is shared between your
                  | health and your magic reserves. [demonic ancestry]
    31 | D:1      | Reached XP level 2. HP: 13/19 MP: 3/5
   248 | D:1      | Reached skill level 3 in Fire Magic
   421 | D:1      | Gained mutation: You sometimes gain a little power by
                  | taking damage. [demonic ancestry]
   421 | D:1      | Reached XP level 3. HP: 16/24 MP: 6/6
   611 | D:1      | Learned a level 2 spell: Throw Flame
   615 | D:1      | Learned a level 3 spell: Conjure Flame
  1452 | D:2      | Noticed Robin
  1468 | D:2      | Slain by a goblin

Levels and vault maps discovered:
D:1:      dpeg_arrival_tiny_i, layout_loops_ring
D:2:      layout_rooms, minitemple, led_sif_pool, supply_closet_lemuel,
          dk_noncrumbling_4, uniq_natasha, uniq_robin

Skill      XL: |  1  2 |
---------------+-------+-----
Dodging        | 2 |  2.3
Fire Magic     | 3 |  3.1
Stealth        | |  1.7
Spellcasting   | |  2.4
Conjurations   | |  1.9

Action                   || total
-------------------------++-------
Melee: Spear             ||   104
 Cast: Flame Tongue      ||    17
  Use: Potion            ||     1
 Stab: Sleeping          ||     3
       Distracted        ||     2
Armor: Robe              ||    28
Dodge: Dodged            ||    66
